Map: Pillars of Gold LE

Players

ByuN

  • Race: Terran Terran
  • Spawn Location: 7:00

DRG - Winner!

  • Race: Zerg Zerg
  • Spawn Location: 1:00

Event: StayAtHome Story Cup #3

VOD

Have the link to the VOD?

Description

Time

  • Played on: March 12, 2021, 8:10 a.m.
  • Length: 16:26

All games in this series

Show
View Real Time Build Order
Export as new Build Order

ByuN Terran 

Build Orders: Hellion Banshee 

Get SALT Encoding   

  12  0:00  SCV  
  13  0:13  SCV  
  14  0:18  Supply Depot  
  14  0:25  SCV  
  15  0:39  SCV  
  15  0:40  Barracks  
  16  0:45  Refinery  
  16  0:51  SCV  
  17  1:03  SCV  
  18  1:15  SCV  
  19  1:27  Marine  
  19  1:28  Orbital Command  
  20  1:42  Command Center  
  20  1:52  Factory  
  20  1:55  SCV  
  21  2:05  Barracks Reactor  
  21  2:07  SCV  
  22  2:11  Supply Depot  
  22  2:13  Refinery  
  22  2:19  SCV  
  23  2:33  SCV  
  24  2:39  Starport  
  24  2:45  SCV, Hellion x2  
  24  2:50  Marine  
  30  2:54  Orbital Command  
  30  2:58  SCV  
  31  3:06  Hellion  
  31  3:09  Hellion  
  31  3:10  SCV  
  36  3:15  Medivac  
  39  3:24  Marine  
  41  3:30  Armory  
  41  3:34  Hellion x2  
  41  3:37  Supply Depot  
  44  3:43  SCV x2  
  44  3:46  Starport Tech Lab  
  46  3:55  SCV  
  46  3:59  SCV, Hellion  
  49  4:02  Supply Depot  
  49  4:07  SCV  
  50  4:11  SCV  
  51  4:18  Banshee, Cloaking Field  
  54  4:24  SCV x2  
  54  4:29  Supply Depot  
  56  4:36  SCV x2  
  56  4:42  Hellion x2  
  53  4:48  SCV x2  
  49  4:57  Barracks Tech Lab, Command Center  
  49  5:00  SCV x2  
  49  5:01  Banshee  
  49  5:04  Hellion  
  56  5:10  Hellion  
  56  5:11  Hellion x2  
  56  5:12  SCV  
  56  5:13  SCV  
  56  5:15  Engineering Bay  
  56  5:16  Marine  
  56  5:18  Engineering Bay  
  57  5:26  Stimpack  
  57  5:31  SCV x2  
  57  5:34  Marine  
  60  5:37  Factory Reactor  
  60  5:39  Barracks  
  60  5:41  Barracks  
  60  5:43  SCV x2  
  60  5:48  Terran Infantry Weapons Level 1  
  62  5:50  Refinery  
  62  5:51  Terran Infantry Armor Level 1, Starport Reactor  
  62  5:52  Marine  
  62  5:54  Refinery  
  63  6:02  SCV x2  
  65  6:10  Marine  
  66  6:13  Barracks x2  
  66  6:14  SCV x2  
  66  6:21  Orbital Command, Factory Reactor  
  66  6:26  Marine x2  
  66  6:27  Marine  
  66  6:29  SCV  
  66  6:30  SCV  
  71  6:33  Supply Depot x2  
  71  6:34  Marine x2  
  71  6:35  Medivac x2  
  77  6:42  SCV x2  
  77  6:44  Marine x2  
  77  6:45  Orbital Command, Marine  
  82  6:47  Supply Depot  
  82  6:52  Marine x2  
  82  6:54  SCV x2  
  85  6:58  Supply Depot  
  85  7:00  Supply Depot  
  86  7:01  Marine  
  86  7:03  Marine x2  
  86  7:04  Barracks Reactor  
  86  7:05  Barracks Reactor  
  86  7:06  Widow Mine x2, SCV  
  86  7:07  Medivac  
  96  7:09  Marine x2  
  96  7:11  SCV x2  
  100  7:19  SCV, Supply Depot  
  100  7:21  Supply Depot  
  100  7:22  Marine x3  
  104  7:23  SCV  
  104  7:24  SCV  
  104  7:26  Supply Depot  
  104  7:27  Marine x2  
  108  7:32  Combat Shield  
  108  7:43  Marine x3  
  108  7:44  Marine x4  
  107  7:46  Widow Mine x2  
  107  7:47  Supply Depot  
  107  7:50  Factory, Supply Depot  
  114  7:53  Refinery  
  114  8:01  Medivac x2  
  114  8:03  Marauder  
  120  8:08  Marine x2  
  120  8:09  Marine x3  
  120  8:10  Marine x3  
  128  8:15  Widow Mine x2  
  124  8:24  Marauder, Missile Turret  
  124  8:25  Missile Turret  
  124  8:26  Marine x4  
  129  8:27  Marine x3  
  129  8:28  Marine  
  129  8:31  SCV x3, Medivac  
  129  8:33  Terran Infantry Weapons Level 2  
  139  8:40  Terran Infantry Armor Level 2  
  137  8:44  Marine x4  
  137  8:45  Marine x3  
  137  8:46  Factory Tech Lab  
  144  8:52  Terran Vehicle And Ship Armor Level 1  
  142  9:05  Marine x3, Command Center  
  142  9:06  Marine x2  
  141  9:11  Marine x2  
  141  9:12  Marine x2  
  145  9:17  Widow Mine x2  
  145  9:22  Thor  
  147  9:24  Drilling Claws  
  147  9:29  Medivac  
  147  9:30  Marauder, Medivac  
  153  9:39  Marine x8  
  161  9:51  Widow Mine x2, Marine  
  160  9:57  Marine x4  
  164  10:05  Supply Depot  
  164  10:06  Supply Depot  
  164  10:07  Widow Mine, Marine x2, Supply Depot  
  164  10:12  Widow Mine x2  
  170  10:23  Barracks, Marauder  
  170  10:24  Barracks, Marine x3, Concussive Shells  
  170  10:25  Marine x4  
  170  10:26  Barracks, Marine  
  170  10:28  SCV x2  
  182  10:29  Widow Mine  
  182  10:34  Widow Mine  
  186  10:37  Planetary Fortress  
  186  10:38  SCV  
  186  10:40  SCV  
  186  10:42  Marine x5  
  190  10:43  Marine  
  190  10:44  Marauder, Marine x2  
  198  10:52  Widow Mine  
  200  11:00  Marine x2  
  200  11:04  Terran Infantry Armor Level 3  
  200  11:10  Terran Infantry Weapons Level 3  
  200  11:17  Missile Turret  
  198  11:19  Missile Turret  
  198  11:20  Missile Turret  
  198  11:26  Marine  
  197  11:33  Marauder  
  197  11:34  Barracks Tech Lab x2  
  179  11:40  Medivac x2  
  179  11:41  Widow Mine x2, Marine  
  179  11:42  Marine x6  
  179  11:46  Widow Mine  
  190  11:51  Terran Vehicle And Ship Armor Level 2  
  190  11:55  SCV  
  190  11:56  SCV x2, Sensor Tower  
  191  12:02  Widow Mine  
  191  12:04  Widow Mine  
  199  12:08  Marauder x2  
  199  12:26  Marine  
  163  12:37  Marine x4  
  163  12:38  Marine x3  
  163  12:39  Widow Mine x2  
  163  12:40  Thor  
  179  12:48  Marauder x3  
  179  12:50  Marauder  
  187  12:52  Command Center  
  169  13:07  Marine  
  169  13:09  Widow Mine, Marauder x3  
  169  13:10  Medivac x2  
  169  13:11  Widow Mine, Marauder, Marine x6  
  169  13:12  Marine  
  145  13:22  Command Center  
  145  13:23  Widow Mine  
  145  13:25  Marine  
  148  13:29  Marine x7  
  148  13:30  Widow Mine, Marauder  
  148  13:31  Marauder x2  
  148  13:32  Marauder  
  148  13:33  Widow Mine  
  167  13:35  Sensor Tower  
  166  13:43  Marine  
  166  13:47  Marine, Command Center  
  169  13:51  Widow Mine  
  169  13:52  Marauder x3, Thor  
  169  13:54  Widow Mine  
  169  13:55  Marine x5  
  187  13:56  Marine  
  189  14:03  Marauder  
  191  14:13  Marauder x3  
  191  14:16  Widow Mine  
  191  14:17  Widow Mine  
  189  14:24  Marine x8  
  160  14:30  Marine  
  161  14:34  Marine x2  
  161  14:35  Widow Mine  
  161  14:38  Widow Mine x2  
  169  14:40  Planetary Fortress  
  169  14:45  Marine  
  169  14:46  Marine x2  
  172  14:56  Widow Mine  
  172  14:59  Widow Mine  
  173  15:02  Missile Turret  
  173  15:04  Widow Mine, Marine  
  173  15:05  Marauder, Missile Turret  
  173  15:06  Marauder  
  172  15:07  Marine x2  
  172  15:08  Marine x2  
  174  15:18  Widow Mine  
  174  15:20  Marauder x2  
  180  15:24  Planetary Fortress  
  180  15:27  Marauder  
  182  15:36  Marauder  
  182  15:37  Marine  
  182  15:39  Marine  
  182  15:40  Marine  
  182  15:41  Marauder, Marine  
  182  15:42  Marauder  
  192  15:47  Marine  
  192  15:48  Marauder  
  189  15:52  Marine  
  189  15:53  Marine x2  
  189  15:55  Marine  
  189  15:56  Missile Turret x2  
  168  16:07  Marine x4  
Show
View Real Time Build Order
Export as new Build Order

DRG Zerg - Winner!

Build Orders: Hatch First, Muta Ling Bane 

Get SALT Encoding   

  12  0:00  Drone  
  13  0:12  Overlord  
  13  0:17  Drone  
  14  0:31  Drone x2  
  16  0:49  Hatchery  
  15  0:53  Drone  
  15  0:56  Drone  
  17  1:00  Drone  
  18  1:09  Extractor  
  17  1:15  Spawning Pool  
  17  1:18  Drone  
  17  1:22  Drone  
  18  1:28  Drone  
  19  1:39  Drone  
  20  1:50  Drone  
  21  2:02  Queen x2, Zergling x4  
  27  2:12  Overlord  
  27  2:13  Drone  
  28  2:24  Hatchery  
  28  2:28  Drone  
  28  2:32  Drone  
  28  2:33  Drone  
  28  2:36  Drone  
  31  2:43  Queen  
  33  2:47  Overlord  
  33  2:52  Metabolic Boost  
  33  2:56  Drone  
  33  2:57  Drone  
  35  3:01  Drone  
  36  3:06  Overlord  
  36  3:08  Drone  
  37  3:13  Drone x3  
  37  3:17  Drone  
  41  3:21  Queen  
  43  3:27  Queen  
  43  3:32  Zergling x4  
  47  3:35  Overlord  
  47  3:40  Queen  
  49  3:43  Drone  
  49  3:46  Drone x2  
  52  3:50  Zergling x4  
  52  3:52  Drone  
  52  3:54  Drone x2  
  57  3:57  Drone  
  57  4:01  Spore Crawler  
  57  4:02  Drone  
  58  4:05  Drone x3  
  61  4:14  Overlord  
  61  4:16  Queen  
  63  4:21  Zergling x6  
  65  4:34  Queen  
  59  4:40  Zergling x14  
  59  4:44  Zergling x8  
  64  4:50  Drone x3  
  64  4:51  Queen  
  64  4:52  Drone  
  67  4:56  Drone  
  68  5:01  Drone  
  68  5:04  Drone  
  68  5:09  Spore Crawler  
  68  5:10  Drone x2  
  68  5:11  Spore Crawler  
  68  5:14  Lair  
  68  5:15  Drone x2  
  68  5:16  Queen  
  72  5:22  Overlord  
  72  5:25  Drone x3, Overlord  
  74  5:29  Extractor x2  
  74  5:33  Spore Crawler  
  74  5:35  Drone x3  
  74  5:39  Overlord  
  74  5:41  Drone  
  75  5:46  Drone x4  
  75  5:47  Drone  
  75  5:48  Drone  
  81  5:52  Drone  
  81  5:56  Drone, Extractor  
  82  5:58  Drone x3, Baneling Nest  
  82  5:59  Extractor x2  
  82  6:02  Drone x3  
  82  6:03  Drone x2  
  85  6:07  Overlord  
  85  6:12  Spire  
  85  6:13  Drone x2  
  84  6:18  Queen  
  84  6:19  Queen  
  84  6:21  Overseer  
  84  6:23  Drone  
  84  6:24  Overlord  
  84  6:25  Extractor  
  88  6:26  Overlord  
  88  6:28  Drone x3  
  88  6:29  Drone  
  92  6:40  Hatchery  
  92  6:43  Zergling x16  
  92  6:46  Zergling x2  
  100  6:57  Centrifical Hooks, Overlord x2  
  100  6:59  Zergling x14  
  107  7:04  Zergling x6  
  107  7:07  Overlord  
  110  7:10  Overlord  
  110  7:14  Zergling x2  
  111  7:15  Baneling  
  111  7:16  Baneling x3  
  111  7:18  Overseer  
  111  7:26  Mutalisk x6  
  111  7:28  Mutalisk x2  
  127  7:30  Baneling x4  
  127  7:32  Zergling x4  
  127  7:35  Zergling x2  
  127  7:36  Zergling x4  
  132  7:42  Drone x4  
  128  7:46  Zerg Flyer Weapons Level 1  
  128  7:48  Drone  
  128  7:50  Evolution Chamber  
  128  7:51  Evolution Chamber  
  127  7:54  Drone x4  
  127  7:56  Baneling  
  127  7:57  Baneling x5  
  131  8:02  Zergling x12  
  131  8:05  Overlord  
  136  8:08  Mutalisk x2  
  136  8:11  Pneumatized Carapace  
  135  8:19  Zergling x8  
  135  8:24  Zerg Melee Weapons Level 1, Zerg Ground Armor Level 1  
  135  8:26  Drone x3  
  138  8:27  Queen  
  138  8:33  Drone x7  
  138  8:34  Drone x3  
  150  8:35  Overlord  
  148  8:42  Extractor  
  148  8:45  Mutalisk x4  
  148  8:48  Baneling x2  
  155  8:52  Extractor  
  155  8:55  Zergling x8  
  155  9:00  Zergling x6  
  155  9:02  Baneling x6  
  161  9:06  Zergling x10  
  161  9:09  Hatchery  
  161  9:10  Zergling x2  
  161  9:11  Zergling x4  
  161  9:12  Baneling x7  
  164  9:19  Infestation Pit  
  164  9:23  Mutalisk  
  164  9:24  Mutalisk  
  163  9:26  Overlord x2  
  163  9:31  Overlord  
  167  9:33  Hatchery  
  167  9:35  Overlord  
  166  9:51  Zergling x16  
  164  9:59  Drone x12  
  176  10:02  Hive  
  176  10:03  Mutalisk x6  
  176  10:06  Baneling x7  
  188  10:12  Zergling x2  
  187  10:15  Baneling x8  
  187  10:19  Zergling x6  
  187  10:20  Zergling x6  
  193  10:24  Zergling x4  
  193  10:25  Zergling x8  
  193  10:27  Zerg Melee Weapons Level 2  
  199  10:32  Zerg Ground Armor Level 2  
  195  10:35  Zergling x10  
  195  10:36  Spore Crawler  
  195  10:38  Zergling x4  
  195  10:42  Zergling x4  
  199  10:45  Zergling x2  
  199  10:48  Overlord  
  194  10:58  Zergling x10  
  199  11:05  Overseer x2  
  199  11:06  Baneling x6  
  199  11:07  Baneling x3  
  199  11:15  Adrenal Glands  
  199  11:16  Zerg Flyer Weapons Level 2  
  199  11:20  Ultralisk Cavern  
  199  11:23  Extractor  
  199  11:24  Spine Crawler  
  196  11:30  Zergling x2  
  196  11:31  Zergling x6  
  200  11:33  Baneling x8  
  200  11:35  Hatchery  
  187  11:40  Zergling x24  
  187  11:46  Zergling x2  
  199  11:50  Spine Crawler  
  199  11:51  Spine Crawler  
  197  11:56  Baneling x7  
  190  12:08  Spine Crawler  
  190  12:09  Chitinous Plating  
  190  12:11  Zergling x20  
  197  12:23  Zergling x6  
  197  12:24  Zergling x4  
  197  12:27  Overlord x2  
  193  12:36  Zergling x32  
  188  12:39  Zergling x18  
  193  12:45  Overlord  
  193  12:48  Zerg Melee Weapons Level 3, Zerg Ground Armor Level 3  
  193  12:49  Zergling x10  
  198  12:52  Baneling  
  198  12:53  Baneling x3  
  198  12:57  Zergling x2  
  198  12:58  Zergling x6  
  185  13:09  Zergling x16  
  176  13:14  Ultralisk x3  
  176  13:16  Zergling x12  
  199  13:25  Drone  
  200  13:28  Baneling x10, Anabolic Synthesis  
  200  13:32  Zerg Flyer Weapons Level 3  
  200  13:37  Baneling x9  
  199  13:53  Zergling x2  
  200  14:08  Baneling x6  
  171  14:27  Ultralisk x2  
  171  14:29  Zergling x30  
  171  14:31  Mutalisk x6  
  187  14:33  Overseer x2  
  199  14:44  Baneling x8  
  199  14:55  Hatchery  
  178  15:04  Ultralisk x3  
  178  15:05  Zergling x20  
  178  15:06  Zergling x42  
  197  15:12  Zergling x2  
  197  15:13  Queen  
  200  15:20  Overlord  
  200  15:25  Baneling x31  
  200  15:26  Baneling x24  
  200  15:38  Baneling x9  
  200  15:53  Zergling x4  
  179  16:07  Zergling x8  
  179  16:08  Zergling x32  
Tags
 
Add a new tag
Caveats
  • Supply blocks, unpowered buildings, or Contaminate may cause inaccurate times.
  • Supply counts are checked every 10 seconds.